 Dungeon Crawl Stone Soup version 0.22-a0-142-g91cc6d7 (webtiles) character file.

35 Azzok the Skirmisher (level 3, 0/25 HPs)
             Began as a Gargoyle Fighter on Feb 5, 2018.
             Slain by Sigmund
             ... wielding a +0 scythe
              (4 damage)
             ... on level 2 of the Dungeon.
             The game lasted 00:02:10 (703 turns).

Azzok the Skirmisher (Gargoyle Fighter)              Turns: 703, Time: 00:02:11

Health: 0/25       AC: 10    Str: 20    XL:     3   Next: 33%
Magic:  3/3        EV:  9    Int:  8    God:
Gold:   8          SH:  0    Dex:  9    Spells: 2/2 levels left

rFire    . . .     SeeInvis .   a - +0 long sword
rCold    . . .     Gourm    .   (no shield)
rNeg     + . .     Faith    .   b - +0 scale mail
rPois    ∞         Spirit   .   (no helmet)
rElec    +         Reflect  .   (no cloak)
rCorr    .         Harm     .   (no gloves)
MR       .....                  (no boots)
Stlth    ..........             (no amulet)
HPRegen  0.08/turn              (no ring)
MPRegen  0.08/turn              (no ring)

@: no status effects
A: negative energy resistance 1, electricity resistance, unbreathing,
petrification resistance, rot immunity, AC +3
a: no special abilities


You were on level 2 of the Dungeon.
You were not hungry.

You visited 1 branch of the dungeon, and saw 2 of its levels.

You collected 8 gold pieces.

Inventory:

Hand Weapons
 a - a +0 long sword (weapon)
Armour
 b - a +0 scale mail (worn)
Scrolls
 c - a scroll of noise {unknown}
 g - a scroll of remove curse {unknown}
 j - a scroll of enchant armour {unknown}
 m - a scroll of magic mapping {unknown}
Potions
 d - a potion of might
 e - a potion of mutation {unknown}
 h - a potion of heal wounds {unknown}
 i - a potion of haste {unknown}
 k - a potion of berserk rage {unknown}
 l - a potion of brilliance {unknown}
Comestibles
 f - 5 rations


   Skills:
 + Level 4.8 Fighting
 - Level 1.7 Long Blades
 - Level 3.2 Armour
   Level 3.2 Shields


You had 2 spell levels left.
You didn't know any spells.

Dungeon Overview and Level Annotations

Branches:
Dungeon (2/15)

Altars:

Annotations:
D:2 Sigmund


Innate Abilities, Weirdness & Mutations

You are resistant to torment.
Your stone body is resilient. (AC +3)
You are immune to poison.
You resist negative energy. (rN+)
You are resistant to electric shocks. (rElec)
You can survive without breathing.
You are immune to petrification.
You are immune to rotting.


Message History

You closely miss the leopard gecko.
The leopard gecko is severely wounded.
Sigmund barely misses you. The leopard gecko barely misses you.
You riposte.
You closely miss the leopard gecko.
The leopard gecko is severely wounded.
You miss the leopard gecko.
The leopard gecko is severely wounded.
The leopard gecko bites you.
* * * LOW HITPOINT WARNING * * *
Sigmund barely misses you.
You miss the leopard gecko.
The leopard gecko is severely wounded.
The leopard gecko misses you.
You riposte.
You barely miss the leopard gecko.
The leopard gecko is severely wounded.
The leopard gecko bites you but does no damage.
Sigmund barely misses you.
You slash the leopard gecko!
You kill the leopard gecko!
Sigmund hits you from afar with a scythe.
You die...

▒▒▒▒▒▒▒ ▒······ ▒▒▒▒▒
▒▒▒▒▒ ▒······ ▒···· ▒···▒
▒······ ▒····
▒···▒▒▒▒▒······ ▒····
▒···▒···▒······
▒▒▒····▒▒▒▒▒···▒···▒······
······l@†@················
·······▒▒▒▒▒▒▒▒▒▒▒▒▒······
······· ▒▒▒▒······ ···?···
·········· ·······
·▒▒▒······ ······· ▒▒·····
·····@· ▒····· ·······
╬····· ▒·····


You could see Sigmund and a leopard gecko.

Vanquished Creatures
  3 leopard geckos
  3 giant cockroaches (D:1)
  3 goblins (D:1)
  5 hobgoblins
  4 jackals (D:1)
  3 bats (D:1)
  5 frilled lizards (D:1)
  2 kobolds
28 creatures vanquished.

Notes
Turn   | Place    | Note
-------+----------+-------------------------------------------
     0 | D:1      | Azzok the Gargoyle Fighter began the quest for the Orb.
     0 | D:1      | Reached XP level 1. HP: 14/14 MP: 1/1
    64 | D:1      | Reached XP level 2. HP: 20/20 MP: 2/2
    93 | D:1      | Reached skill level 4 in Fighting
   311 | D:1      | Reached XP level 3. HP: 24/24 MP: 3/3
   688 | D:2      | Noticed Sigmund
   703 | D:2      | Slain by Sigmund

Vault maps used:
D:1:      lightli_arrival_chessboard, minivault_23, minmay_pentomino_v4
D:2:      uniq_sigmund

Skill      XL: |  1  2 |
---------------+-------+-----
Fighting       | 4 |  4.8
Long Blades    | |  1.7
Armour         | |  3.2
Shields        | |  3.2

Action                   || total
-------------------------++-------
Melee: Long sword        ||    74
Armor: Scale mail        ||    39
Dodge: Dodged            ||    46
       Rpst.: Long sword ||    13

Table legend:
 A = Spawn XP
 B = Non-spawn XP
 C = Spawn XP percentage of total XP
 D = Spawn monster count
 E = Non-spawn monster count
 F = Spawn count percentage of total count
 G = Total turns spent on level
                    A         B        C        D         E        F      G
               +---------+---------+-------+---------+---------+-------+---------
         Total |       0 |      50 |   0.0 |       0 |      28 |   0.0 |   703
               +---------+---------+-------+---------+---------+-------+---------
           D:1 |       0 |      40 |   0.0 |       0 |      23 |   0.0 |   598
           D:2 |       0 |      10 |   0.0 |       0 |       5 |   0.0 |   105
               +---------+---------+-------+---------+---------+-------+---------
